 Dungeon Crawl Stone Soup version 0.30-a0-381-g6ea064c7b4 (webtiles) character file.

Game seed: 6207327320069171025

83 qeuew the Conjurer (level 4, -4/27 HPs)
             Began as a Tengu Reaver on Dec 1, 2022.
             Was a Follower of Uskayaw.
             Killed by nerve-wracking pain
             ... invoked by Grinder
              (14 damage)
             ... on level 3 of the Dungeon.
             The game lasted 00:02:30 (1228 turns).

qeuew the Conjurer (Tengu Reaver)                   Turns: 1228, Time: 00:02:31

Health: -4/27      AC:  3    Str: 14    XL:     4   Next: 44%
Magic:  9/9        EV: 12    Int: 13    God:    Uskayaw [*.....]
Gold:   81         SH:  0    Dex: 19    Spells: 2/8 levels left

rFire   . . .      SeeInvis .    a - +0 hand axe
rCold   . . .      Faith    .    (no shield)
rNeg    . . .      Spirit   .    b - +0 leather armour
rPois   .          Reflect  .    (helmet restricted)
rElec   .          Harm     .    (no cloak)
rCorr   .          Rampage  .    (no gloves)
Will    .....                    (boots unavailable)
Stlth   +.........               (no amulet)
HPRegen 0.24/turn                e - +6 ring of dexterity
MPRegen 0.11/turn                (no ring)

@: no status effects
A: beak, talons 3
a: Renounce Religion, Stomp


You were on level 3 of the Dungeon.
You worshipped Uskayaw.
Uskayaw was noncommittal.
You visited 1 branch of the dungeon, and saw 3 of its levels.

You collected 81 gold pieces.

Inventory:

Hand Weapons
 a - a +0 hand axe (weapon)
Armour
 b - a +0 leather armour (worn)
Jewellery
 e - a +6 ring of dexterity (left hand)
Scrolls
 h - a scroll of amnesia {unknown}
Potions
 f - 2 potions of resistance


   Skills:
 + Level 2.4 Fighting
 + Level 3.6 Axes
 + Level 1.2 Armour
 + Level 2.6 Dodging
 * Level 2.8 Spellcasting
 + Level 4.4 Conjurations
 + Level 1.0 Necromancy


You had 2 spell levels left.
You knew the following spells:

 Your Spells              Type           Power      Damage    Failure   Level
a - Kiss of Death         Conj/Necr      32%        2d7       10%         1
b - Stone Arrow           Conj/Erth      14%        3d7       34%         3
c - Momentum Strike       Conj/Tloc      14%        3d8       17%         2

Your spell library contained the following spells:

 Spells                   Type           Power      Damage    Failure   Level
 Necrotise                Necr           16%        1d4       19%         1
 Apportation              Tloc           2%         N/A       28%         1
 Sandblast                Erth           2%         2d4       28%         1
 Summon Small Mammal      Summ           4%         N/A       28%         1
 Passwall                 Tmut/Erth      0%         N/A       41%         2
 Hailstorm                Conj/Ice       7%         3d4       34%         3


Dungeon Overview and Level Annotations

Branches:
Dungeon (3/15)

Altars:
Uskayaw

Annotations:
D:3 Grinder


Innate Abilities, Weirdness & Mutations

You have a beak for a mouth.
You have claws for feet.


Message History

There is a stone staircase leading down here.
You climb downwards.
There is a stone staircase leading up here.
A bat is nearby!
You barely miss the bat. Your peck misses the bat.
The bat completely misses you. The bat hits you. The bat barely misses you.
The bat misses you.
Your hearing returns.
The bat hits you but does no damage. The bat completely misses you.
You closely miss the bat. The bat hits you. The bat closely misses you.
A bat is nearby!
Grinder comes into view.
The bat hits you but does no damage.
Found 13 gold pieces.
The bat hits you but does no damage.
You hit Grinder.
Grinder is lightly wounded.
You barely miss the bat. The bat closely misses you. Grinder hits you.
You writhe in agony.
The bat barely misses you.
You closely miss Grinder. You claw Grinder.
Grinder is lightly wounded.
You barely miss the bat. The bat misses you. Grinder gestures at you.
You suddenly lose the ability to move!
The bat hits you. The bat hits you but does no damage. The bat hits you.
Grinder says, "Are you a fish?" Grinder hits you. The bat hits you.
The bat hits you but does no damage. Grinder gestures at you.
Pain shoots through your body!
Ouch! That really hurt!
* * * LOW HITPOINT WARNING * * *
The bat hits you but does no damage.
Grinder blinks!
You can move again.
You feel better. The bat hits you but does no damage. Grinder gestures at you.
Pain shoots through your body!
Ouch! That really hurt!
You die...

.# .# .#### ##....#
#.. $.5 #.# #.#
#.#####.# #.#
#...<...###@#####.
######........b....
##.########..# #...
#####


You could see Grinder and a bat.

Vanquished Creatures
  A gnoll (D:1)
  3 adders (D:2)
  2 dart slugs
  3 ball pythons
  3 bats
  An endoplasm (D:2)
  2 giant cockroaches (D:1)
  3 goblins (D:1)
  4 hobgoblins
  2 kobolds (D:2)
  4 quokkas
  3 frilled lizards
  5 rats (D:1)
36 creatures vanquished.

Vanquished Creatures (others)
  An adder (D:2)
1 creature vanquished.

Grand Total: 37 creatures vanquished

Notes
Turn   | Place    | Note
-------+----------+-------------------------------------------
     0 | D:1      | qeuew the Tengu Reaver began the quest for the Orb.
     0 | D:1      | Reached XP level 1. HP: 12/12 MP: 4/4
    99 | D:1      | Found a faded altar of an unknown god.
   110 | D:1      | Prayed at the altar of an unknown god.
   110 | D:1      | Became a worshipper of Uskayaw the Reveller
   110 | D:1      | Reached * piety under Uskayaw
   124 | D:1      | Reached ** piety under Uskayaw
   138 | D:1      | Reached XP level 2. HP: 16/17 MP: 6/6
   152 | D:1      | Reached *** piety under Uskayaw
   310 | D:1      | Reached XP level 3. HP: 6/21 MP: 0/7
   506 | D:2      | Learned a level 3 spell: Stone Arrow
   576 | D:2      | Learned a level 2 spell: Momentum Strike
   604 | D:2      | Reached skill level 1 in Armour
   702 | D:2      | Reached XP level 4. HP: 16/27 MP: 8/8
   756 | D:2      | Reached skill level 1 in Necromancy
  1221 | D:3      | Noticed Grinder
  1224 | D:3      | Paralysed by Grinder for 4 turns
  1226 | D:3      | HP: 1/27 [Grinder/nerve-wracking pain (14)]
  1228 | D:3      | Killed from afar by Grinder

Illustrated notes

Levels and vault maps discovered:
D:1:      saegor_arrival_simple_d, layout_basic,
          chequers_ecumenical_altar_simple
D:2:      layout_rooms
D:3:      layout_loops_ring, elyvilon_altar_5, minivault_23, uniq_ijyb,
          uniq_grinder

Skill      XL: |  1  2  3  4 |
---------------+-------------+-----
Armour         | 1 |  1.2
Necromancy     | 1 |  1.0
Fighting       | |  2.4
Axes           | |  3.6
Dodging        | |  2.6
Spellcasting   | |  2.8
Conjurations   | |  4.4

Action                   |  1- 3 |  4- 6 || total
-------------------------+-------+-------++-------
Melee: Hand axe          |    69 |    30 ||    99
       Kick              |    14 |    10 ||    24
       Peck              |    12 |     3 ||    15
 Cast: Momentum Strike   |       |     2 ||     2
Invok: Stomp             |     2 |     1 ||     3
  Use: Scroll            |     2 |     2 ||     4
       Potion            |     1 |     3 ||     4
 Stab: Paralysed         |     1 |       ||     1
Armor: Leather armour    |    14 |    11 ||    25
Dodge: Dodged            |    53 |    23 ||    76

Table legend: (Time is in decaauts)
 A = Elapsed time spent in this place.
 B = Non-inter-level travel time spent in this place.
 C = Inter-level travel time spent in this place.
 D = Time resting spent in this place.
 E = Time spent auto-exploring this place.
 F = Levels seen in this place.
 G = Mean time per level.
                   A        B        C        D        E       F      G
               +--------+--------+--------+--------+--------+-----+--------+
         Total |   1227 |   1187 |     40 |      0 |    930 |   3 |  409.0 |
       Dungeon |   1227 |   1187 |     40 |      0 |    930 |   3 |  409.0 |
               +--------+--------+--------+--------+--------+-----+--------+

Top non-repeatable levels by time:
     D:2: 703 daAuts
     D:1: 507 daAuts
     D:3: 15 daAuts
